 Dungeon Crawl Stone Soup version 0.27.0-1-g7a089689b8 (webtiles) character file.

Game seed: 3767073509458462076

163 Sin92 the Skirmisher (level 5, -4/41 HPs)
             Began as a Demonspawn Fighter on Aug 13, 2021.
             Killed by divine providence
             ... invoked by an orc priest
              (9 damage)
             ... on level 3 of the Dungeon.
             The game lasted 00:03:51 (2273 turns).

Sin92 the Skirmisher (Demonspawn Fighter)           Turns: 2273, Time: 00:03:52

Health: -4/41      AC: 11    Str: 17    XL:     5   Next: 20%
Magic:  5/5        EV:  9    Int:  9    God:
Gold:   22         SH:  9    Dex: 13    Spells: 4/4 levels left

rFire    . . .     SeeInvis .   k - +1 long sword (protect)
rCold    . . .     Faith    .   c - +0 kite shield
rNeg     . . .     Spirit   .   m - +1 leather armour {rPois}
rPois    +         Reflect  .   (helmet restricted)
rElec    .         Harm     .   (no cloak)
rCorr    .         Rampage  .   (no gloves)
Will     .....                  (no boots)
Stlth    +.........             f - amulet of regeneration
HPRegen  1.13/turn              (no ring)
MPRegen  0.18/turn              (no ring)

@: under a protective aura
A: horns 1, talons 2, magic regeneration
a: no special abilities


You were on level 3 of the Dungeon.
You visited 1 branch of the dungeon, and saw 3 of its levels.

You collected 139 gold pieces.
You spent 117 gold pieces at shops.

Inventory:

Hand Weapons
 a - a +1 long sword of flaming
 k - a +1 long sword of protection (weapon)
Armour
 b - a +0 scale mail
 c - a +0 kite shield (worn)
 m - a +1 leather armour of poison resistance (worn)
Jewellery
 f - an amulet of regeneration (around neck)
Scrolls
 e - a scroll of immolation
 l - a scroll of blinking
Potions
 d - a potion of might
 g - a potion of cancellation {unknown}
 h - a potion of degeneration {unknown}
 i - a potion of brilliance {unknown}
 j - a potion of invisibility {unknown}


   Skills:
 + Level 3.6 Fighting
 + Level 3.1 Long Blades
 + Level 3.4 Armour
 + Level 1.1 Dodging
 + Level 0.5 Stealth
 + Level 3.2 Shields


You had 4 spell levels left.
You didn't know any spells.
Your spell library was empty.

Dungeon Overview and Level Annotations

Branches:
Dungeon (3/15)

Altars:

Shops:
D:2 ([((


Innate Abilities, Weirdness & Mutations

You have a pair of small horns on your head.
You have razor-sharp toenails.
You regenerate magic rapidly.


Message History

You are too injured to fight recklessly!
You hit the rat.
You kill the rat!
The orc priest calls down the wrath of Beogh upon you.
Pain shoots through your body!
You hit the dart slug but do no damage.
You claw the dart slug, but do no damage.
You headbutt the dart slug!
The dart slug is severely wounded.
You block the dart slug's attack.
You hit the dart slug.
You kill the dart slug!
Unknown command.
You hit the orc priest. Your kick misses the orc priest.
The orc priest is lightly wounded.
You block the orc priest's attack.
The orc priest hits you but does no damage.
You barely miss the orc priest. You claw the orc priest.
You headbutt the orc priest.
The orc priest is moderately wounded.
The orc priest calls down the wrath of Beogh upon you.
Beogh smites you!
* * * LOW HITPOINT WARNING * * *
You closely miss the orc priest.
The orc priest is moderately wounded.
The orc priest hits you but does no damage.
The orc priest hits you with a +0 hand axe.
* * * LOW HITPOINT WARNING * * *
Unknown command.
Unknown command.
You hit the orc priest.
The orc priest is heavily wounded.
The orc priest hits you with a +0 hand axe.
* * * LOW HITPOINT WARNING * * *
You closely miss the orc priest. Your kick misses the orc priest.
You headbutt the orc priest, but do no damage.
The orc priest is heavily wounded.
The orc priest calls down the wrath of Beogh upon you.
Beogh smites you!
You die...

. .. .. ..
###### #. #....#
#..#######....#
#..o@.........#
#.########....##
####..# ##.##
#..# ##.# .####
#.##### ....##
####......
#..###........#


You could see an orc priest.

Vanquished Creatures
  A phantom (D:3)
  2 adders
  3 dart slugs
  2 orcs (D:3)
  2 endoplasms (D:1)
  2 giant cockroaches
  9 hobgoblins
  7 jackals
  2 quokkas
  4 ball pythons
  4 bats
  5 frilled lizards
  4 goblins
  9 kobolds
  6 rats
62 creatures vanquished.

Notes
Turn   | Place    | Note
-------+----------+-------------------------------------------
     0 | D:1      | Sin92 the Demonspawn Fighter began the quest for the Orb.
     0 | D:1      | Reached XP level 1. HP: 18/18 MP: 1/1
   414 | D:1      | Gained mutation: You have sharp toenails. [demonic
                  | ancestry]
   414 | D:1      | Reached XP level 2. HP: 24/24 MP: 2/2
  1173 | D:1      | Gained mutation: You have razor-sharp toenails. [demonic
                  | ancestry]
  1173 | D:1      | Reached XP level 3. HP: 29/29 MP: 3/3
  1484 | D:1      | Found a faded altar of an unknown god.
  1697 | D:2      | Found Wugef's Antique Weapon Shop.
  1769 | D:2      | Found Boyn's Antique Weapon Shop.
  1769 | D:2      | Found Atopretudd's Armour Shop.
  1887 | D:2      | Found Yzxu's Antique Weapon Boutique.
  1894 | D:2      | Bought a runed long sword for 117 gold pieces
  2052 | D:3      | Gained mutation: You have a pair of small horns on your
                  | head. [demonic ancestry]
  2052 | D:3      | Reached XP level 4. HP: 34/35 MP: 4/4
  2107 | D:3      | Noticed a phantom
  2119 | D:3      | Killed a phantom
  2120 | D:3      | Reached skill level 1 in Dodging
  2120 | D:3      | Gained mutation: You regenerate magic rapidly. [demonic
                  | ancestry]
  2120 | D:3      | Reached XP level 5. HP: 35/41 MP: 5/5
  2273 | D:3      | Killed from afar by an orc priest

Illustrated notes

Levels and vault maps discovered:
D:1:      dpeg_arrival_radiant, layout_loops_corners,
          hellmonk_ecumenical_altar_inner_sanctum
D:2:      layout_basic, serial_shops, nicolae_shop_overgrown_old_shop,
          shop_fountains, nicolae_shop_statue_plus, shop, minmay_3d_cube
D:3:      layout_rooms, old_standard_altar

Skill      XL: |  1  2  3  4 |
---------------+-------------+-----
Long Blades    | 2 3 |  3.1
Armour         | 3 |  3.4
Shields        | 3 |  3.2
Dodging        | 1 |  1.1
Fighting       | |  3.6
Stealth        | |  0.5

Action                   |  1- 3 |  4- 6 || total
-------------------------+-------+-------++-------
Melee: Long sword        |   120 |    47 ||   167
       Kick              |    21 |    11 ||    32
       Headbutt          |       |     9 ||     9
  Use: Scroll            |     5 |       ||     5
Armor: Scale mail        |    70 |    14 ||    84
       Leather armour    |       |     9 ||     9
Dodge: Dodged            |    27 |    14 ||    41
Block: Kite shield       |    71 |    20 ||    91
       Rpst.: Long sword |     9 |       ||     9
